 Dungeon Crawl Stone Soup version 0.16-a0-3308-g116f5c4 (webtiles) character file.

897 Kemay the Insei (level 8, -1/52 HPs)
             Began as an Octopode Monk on Dec 26, 2014.
             Slain by a worm (12 damage)
             ... on level 6 of the Dungeon.
             The game lasted 00:12:57 (6339 turns).

Kemay the Insei (Octopode Monk)                     Turns: 6339, Time: 00:12:57

Health: -1/52      AC:  2    Str: 11    XL:     8   Next: 7%
Magic:  8/8        EV: 18    Int: 14    God:
Gold:   246        SH:  0    Dex: 14    Spells: 0 memorised, 7 levels left

rFire  . . .     SeeInvis .     e - +2 whip (freeze)
rCold  . . .     Clarity  .     (no shield)
rNeg   . . .     SustAb   .     p - +1 hat
rPois  .         Gourm    .     (no amulet)
rElec  .         Spirit   .     j - +2 ring of evasion
rCorr  .         Warding  .     x - ring of stealth
rMut   .         Stasis   .     (no ring)
MR     .....                    (no ring)
Stlth  ++++......               (no ring)
                                (no ring)
                                (no ring)
                                (no ring)

@: drained, not resistant to hostile enchantments, stealthy
A: almost no armour, amphibious, 8 rings, constrict 8, camouflage 1, gelatinous
body 1
a: no special abilities


You were on level 6 of the Dungeon.
You were not hungry.

You visited 1 branch of the dungeon, and saw 6 of its levels.
You also visited: Sewer.

You collected 246 gold pieces.

Inventory:

Hand weapons
 e - a +2 whip of freezing (weapon)
Armour
 p - a +1 hat (worn)
Jewellery
 j - a +2 ring of evasion (left tentacle)
 x - a ring of stealth (right tentacle)
Scrolls
 h - 3 scrolls of remove curse
 l - 2 scrolls of fear
 o - a scroll of recharging
 s - a scroll of teleportation
 v - a scroll of fog
Potions
 c - 4 potions of heal wounds
 f - 4 potions of curing
 g - a potion of restore abilities {unknown}
 k - a potion of magic {unknown}
 m - 2 potions of poison {unknown}
 n - 3 potions of agility {unknown}
 q - 2 potions of brilliance {unknown}
 r - 2 potions of might {unknown}
 t - a potion of resistance {unknown}
 u - a potion of beneficial mutation {unknown}
 w - a potion of mutation {unknown}
Comestibles
 a - 4 meat rations
 b - 5 bread rations
 d - 2 royal jellies


   Skills:
 - Level 3.0(2.6) Fighting
 + Level 7.1(6.7) Dodging
 - Level 2.6(2.3) Stealth
 + Level 7.4(7.0) Unarmed Combat


You had 7 spell levels left.
You didn't know any spells.

Dungeon Overview and Level Annotations

Branches:
Dungeon (6/15)
 Temple: D:4-7

Altars:
Ashenzari
Gozag
Trog
Xom


Innate Abilities, Weirdness & Mutations

You cannot wear most types of armour.
You are amphibious.
You can wear up to eight rings at the same time.
You can use your tentacles to constrict many enemies at once.
Your skin changes colour to match your surroundings (Stealth).
Your rubbery body absorbs attacks (AC +1).


Message History

You constrict the wight.
The wight hits you with an enchanted battleaxe!
The wight hits you with an enchanted scimitar.
You hit the wight but do no damage. Your squeeze misses the wight.
The wight is moderately damaged.
You constrict the wight, but do no damage.
The wight barely misses you. The wight closely misses you.
The wight closely misses you. The wight completely misses you.
You hit the wight.
The wight is moderately damaged.
You constrict the wight, but do no damage.
The wight hits you with an enchanted scimitar!
* * * LOW HITPOINT WARNING * * *
You feel drained.
* * * LOW HITPOINT WARNING * * *
The wight closely misses you. The wight barely misses you.
The wight completely misses you.
You release your grip on the wight.
The goblin closely misses you. The worm bites you!
You die...

#..# # #..#
..####..##
........8.# #
..(..8.88#####.#
..
#...8........#..
#.#
#...8zz........
..
###.wzg.##.....
#.## ####..@##.#
. #.
..###.......#.#
#.
#.##..#####.#.#
#.# #..#.## Y#$#
#.)###..#.####
....
#..#........#
#.##
#...##.....# .#
###..###.....#
.#
#.....##.....#


You could see a worm, a sky beast (sleeping), 3 wights and a goblin.

Vanquished Creatures
  2 ogres
  A scorpion (D:4)
  2 crimson imps
  An orc priest (D:5)
  4 orc wizards
  5 worker ants
  A giant frog skeleton (D:6)
  Jessica (D:2)
  A worker ant zombie (D:6)
  Robin (D:4)
  4 adders
  3 giant mites
  5 worms
  6 giant geckos
  3 oozes
  16 orcs
  A bat skeleton (D:5)
  A bat zombie (D:6)
  4 giant cockroaches
  29 goblins
  18 hobgoblins
  10 jackals
  3 quokkas
  5 ball pythons
  10 bats
  A giant cockroach zombie (D:5)
  A giant gecko zombie (D:6)
  4 giant newts
  28 kobolds
  17 rats
188 creatures vanquished.

Notes
Turn   | Place    | Note
--------------------------------------------------------------
     0 | D:1      | Kemay, the Octopode Monk, began the quest for the Orb.
     0 | D:1      | Reached XP level 1. HP: 16/16 MP: 1/1
    80 | D:1      | Reached XP level 2. HP: 11/21 MP: 2/2
   978 | D:2      | Reached XP level 3. HP: 12/26 MP: 3/3
  1183 | D:2      | Found a shimmering altar of Xom.
  1183 | D:2      | Noticed Jessica
  1188 | D:2      | Killed Jessica
  1444 | D:2      | Reached XP level 4. HP: 31/31 MP: 4/4
  2200 | D:2      | Noticed a moth of wrath
  2202 | D:2      | Found a bloodstained altar of Trog.
  2445 | D:3      | Reached skill level 5 in Unarmed Combat
  2445 | D:3      | Reached XP level 5. HP: 36/36 MP: 5/5
  2451 | D:3      | Found a shattered altar of Ashenzari.
  2513 | D:3      | Found a glowing drain.
  2574 | Sewer    | Entered a sewer
  2920 | Sewer    | Reached skill level 5 in Dodging
  3215 | D:3      | Found an opulent altar of Gozag.
  3254 | D:3      | Reached XP level 6. HP: 35/42 MP: 6/6
  4094 | D:4      | Reached skill level 6 in Unarmed Combat
  4275 | D:4      | Noticed Robin
  4304 | D:4      | Killed Robin
  4309 | D:4      | Reached XP level 7. HP: 19/46 MP: 7/7
  5181 | D:5      | Entered Level 5 of the Dungeon
  5842 | D:5      | Reached skill level 7 in Unarmed Combat
  6018 | D:5      | Reached XP level 8. HP: 23/52 MP: 8/8
  6339 | D:6      | Slain by a worm

Action                   |  1- 3 |  4- 6 |  7- 9 || total
-------------------------+-------+-------+-------++-------
Melee: Unarmed           |    40 |       |       ||    40
       Whip              |    19 |   214 |   141 ||   374
  Use: Scroll            |     5 |     6 |     5 ||    16
       Potion            |       |       |     2 ||     2
 Stab: Sleeping          |     5 |     9 |     8 ||    22
       Distracted        |       |     1 |       ||     1
  Eat: Chunk             |     2 |     8 |     6 ||    16
       Pizza             |       |     1 |       ||     1
